 Dungeon Crawl Stone Soup version 0.21-a0-110-g8e1637b (webtiles) character file.

218 Gorice the Caller (level 5, 0/63 HPs)
             Began as a Demonspawn Summoner on July 8, 2017.
             Slain by Natasha (7 damage)
             ... on level 3 of the Dungeon.
             The game lasted 00:12:23 (3730 turns).

Gorice the Caller (Demonspawn Summoner)             Turns: 3730, Time: 00:12:23

Health: 0/63       AC:  8    Str: 14    XL:     5   Next: 63%
Magic:  8/8        EV:  9    Int: 17    God:
Gold:   176        SH:  3    Dex: 13    Spells: 7/8 levels left

rFire    . . .     SeeInvis .   l - +0 flail
rCold    + . .     Gourm    .   (no shield)
rNeg     . . .     Faith    .   q - +0 scale mail
rPois    .         Spirit   .   (no helmet)
rElec    .         Reflect  +   (no cloak)
rCorr    .         Harm     .   (no gloves)
MR       .....                  j - +1 pair of boots
Stlth    ..........             f - +3 amulet of reflection
HPRegen  0.20/turn              o - ring of protection from cold
MPRegen  0.11/turn              (no ring)

@: berserking, slowed
A: demonic guardian 2, foul stench 1, rot immunity
a: no special abilities


You were on level 3 of the Dungeon.
You were hungry.

You visited 1 branch of the dungeon, and saw 3 of its levels.

You collected 176 gold pieces.

Inventory:

Hand Weapons
 a - a +1 whip
 k - a +0 dagger
 l - a +0 flail (weapon)
 n - a -1 short sword
 u - a +0 blowgun
Missiles
 g - 16 bolts
 h - 2 steel tomahawks (quivered)
 Z - 49 stones
Armour
 e - a +0 leather armour
 j - a +1 pair of boots (worn)
 q - a +0 scale mail (worn)
 r - a +0 robe
Jewellery
 f - a +3 amulet of reflection (around neck)
 o - a ring of protection from cold (left hand)
Wands
 m - a wand of flame (1/48)
Scrolls
 s - a scroll of identify
Potions
 t - a potion of lignification {!q}
Books
 b - a book of Callings
Comestibles
 c - 2 bread rations {!e}
 d - a royal jelly
 i - 2 chunks of flesh


   Skills:
 - Level 3.7 Fighting
 * Level 1.7 Maces & Flails
 + Level 2.7 Armour
 - Level 1.7 Dodging
 - Level 1.7 Stealth
 - Level 2.0 Spellcasting
 - Level 4.0 Summonings


You had 7 spell levels left.
You knew the following spells:

 Your Spells              Type           Power        Failure   Level  Hunger
a - Summon Small Mammal   Summ           ###.         16%         1    #......


Dungeon Overview and Level Annotations

Branches:
Dungeon (3/15)

Altars:
Qazlal

Annotations:
D:3 Natasha


Innate Abilities, Weirdness & Mutations

A demonic guardian rushes to your aid.
You may emit foul miasma when damaged in melee.
You are immune to rotting.


Message History

Your scale mail prevents you from hitting Natasha.
Natasha mumbles some strange words.
You feel disoriented. Natasha casts a spell at you.
You feel yourself slow down.
You barely miss Natasha. Natasha claws you!
* * * LOW HITPOINT WARNING * * *
Natasha looks sick.
Natasha claws you.
* * * LOW HITPOINT WARNING * * *
Damage: 10 (max 10)
You barely miss Natasha. Natasha claws you but does no damage.
You block Natasha's attack.
You hit Natasha but do no damage.
You are feeling hungry.
Natasha barely misses you. x2
You hit Natasha.
Natasha is lightly wounded.
Natasha claws you.
* * * LOW HITPOINT WARNING * * *
Natasha claws you.
* * * LOW HITPOINT WARNING * * *
Damage: 5 (max 10) Unknown command.
Unknown command.
A red film seems to cover your vision as you go berserk!
You feel yourself moving faster!
You feel mighty! Natasha casts a spell at you.
You feel as though you will be slow longer.
Natasha misses you.
You barely miss Natasha.
Natasha is lightly wounded.
Natasha mumbles some strange words.
Natasha glows brightly for a moment.
Natasha claws you.
* * * LOW HITPOINT WARNING * * *
Damage: 3 (max 10) Unknown command.
You closely miss Natasha.
Natasha is lightly wounded.
Natasha claws you but does no damage.
You hit Natasha.
Natasha is heavily wounded.
Natasha claws you.
* * * LOW HITPOINT WARNING * * *
You block Natasha's attack.
Damage: 2 (max 10)
You hit Natasha.
Natasha is heavily wounded.
Natasha claws you!
You die... # #.############# #>.....).@h...# #.###########..# # # .#

You could see Natasha.

Vanquished Creatures
  2 orc wizards
  Ijyb (D:3)
  Natasha (D:3)
  An adder (D:3)
  An ooze (D:2)
  5 dart slugs
  2 leopard geckos
  3 orcs (D:3)
  3 bats
  4 giant cockroaches
  2 goblins
  5 hobgoblins
  3 jackals (D:2)
  A quokka (D:2)
  4 frilled lizards
  5 kobolds
  6 rats
49 creatures vanquished.

Vanquished Creatures (collateral kills)
  Natasha (D:3)
  2 dart slugs (D:1)
  A leopard gecko (D:1)
  4 bats (D:1)
  3 giant cockroaches (D:1)
  5 hobgoblins (D:1)
  2 kobolds
  2 frilled lizards (D:1)
  A rat (D:1)
21 creatures vanquished.

Grand Total: 70 creatures vanquished

Notes
Turn   | Place    | Note
-------+----------+-------------------------------------------
     0 | D:1      | Gorice the Demonspawn Summoner began the quest for the Orb.
     0 | D:1      | Reached XP level 1. HP: 13/13 MP: 3/3
   403 | D:1      | Reached skill level 1 in Fighting
   535 | D:1      | Gained mutation: You are immune to rotting. [demonic ancestry]
   535 | D:1      | Reached XP level 2. HP: 17/21 MP: 5/5
   808 | D:1      | Reached skill level 2 in Fighting
  1610 | D:2      | Gained mutation: You may emit foul miasma when damaged in melee. [demonic ancestry]
  1610 | D:2      | Reached XP level 3. HP: 23/28 MP: 6/6
  1994 | D:2      | Reached skill level 1 in Armour
  2534 | D:2      | HP: 4/28 [orc wizard/magic dart (7)]
  2548 | D:2      | Reached skill level 3 in Fighting
  2548 | D:2      | Gained mutation: A weak demonic guardian rushes to your aid. [demonic ancestry]
  2548 | D:2      | Reached XP level 4. HP: 6/35 MP: 7/7
  2861 | D:3      | Reached skill level 2 in Armour
  2977 | D:3      | Noticed Natasha
  2983 | D:3      | Killed Natasha
  2983 | D:3      | Gained mutation: A demonic guardian rushes to your aid. [demonic ancestry]
  2983 | D:3      | Reached XP level 5. HP: 35/42 MP: 8/8
  3199 | D:3      | Noticed Ijyb
  3200 | D:3      | Found a stormy altar of Qazlal.
  3230 | D:3      | HP: 17/63 [Ijyb/wand of flame (?/48) (3)]
  3238 | D:3      | Killed Ijyb
  3238 | D:3      | Reached skill level 1 in Maces & Flails
  3692 | D:3      | Noticed Natasha
  3700 | D:3      | Killed Natasha
  3717 | D:3      | Noticed Natasha
  3722 | D:3      | HP: 12/42 [Natasha (3)]
  3727 | D:3      | HP: 9/63 [Natasha (4)]
  3730 | D:3      | Slain by Natasha

Vault maps used:
D:1:      dpeg_arrival_prison
D:3:      lemuel_round_altar, lemuel_tele_altar, uniq_natasha, uniq_ijyb

Skill      XL: |  1  2  3  4  5 |
---------------+----------------+-----
Fighting       | 1 2 3 |  3.7
Armour         | 1 2 |  2.7
Maces & Flails | 1 |  1.7
Dodging        | |  1.7
Stealth        | |  1.7
Spellcasting   | |  2.0
Summonings     | |  4.0

Action                   |  1- 3 |  4- 6 || total
-------------------------+-------+-------++-------
Melee: Unarmed           |   113 |       ||   113
       Short sword       |   172 |       ||   172
       Whip              |       |   101 ||   101
       Flail             |       |    50 ||    50
 Cast: Summon Small Mamm |    41 |       ||    41
  Use: Scroll            |     3 |     5 ||     8
       Potion            |     2 |     2 ||     4
 Stab: Distracted        |     2 |       ||     2
       Sleeping          |     1 |       ||     1
  Eat: Chunk             |     5 |     3 ||     8
       Royal jelly       |       |     1 ||     1
Armor: Leather armour    |    45 |       ||    45
       Robe              |     4 |       ||     4
       Scale mail        |    81 |    69 ||   150
       Skin              |    14 |    10 ||    24
Dodge: Dodged            |   160 |    47 ||   207
Block: Other             |    35 |    22 ||    57
       Reflection        |       |     2 ||     2

Table legend:
 A = Turns spent in this place as a percentage of turns spent in the entire game.
 B = Non-inter-level travel turns spent in this place as a percentage of non-inter-level travel turns spent in the entire game.
 C = Inter-level travel turns spent in this place as a percentage of turns spent in this place.
 D = Turns resting spent in this place as a percentage of non-inter-level travel turns spent in this place.
 E = Turns spent auto-exploring this place as a percentage of non-inter-level travel turns spent in this place.
 F = Non-inter-level travel turns spent in this place divided by the number of levels of this place that you've seen.
                   A       B       C       D       E      F
               +-------+-------+-------+-------+-------+----------------------
         Total | 100.0 | 100.0 |   0.2 |   3.3 |   4.5 | 413.3
       Dungeon | 100.0 | 100.0 |   0.2 |   3.3 |   4.5 | 413.3
               +-------+-------+-------+-------+-------+----------------------

Vault maps used:
D:1:      dpeg_arrival_prison
D:3:      lemuel_round_altar, lemuel_tele_altar, uniq_natasha, uniq_ijyb
